 Dungeon Crawl Stone Soup version 0.24.0-123-gd5b16e6ec5 (webtiles) character file.

Game seed: 2002312495503117069, levelgen mode: deterministic

221 brucemayne the Cleaver (level 5, 0/45 HPs)
             Began as a Hill Orc Monk on Jan 29, 2020.
             Slain by a sky beast (6 damage)
             ... on level 5 of the Dungeon.
             The game lasted 00:04:22 (1195 turns).

brucemayne the Cleaver (Hill Orc Monk)              Turns: 1195, Time: 00:04:22

Health: 0/45       AC:  9    Str: 20    XL:     5   Next: 98%
Magic:  5/5        EV:  8    Int: 10    God:
Gold:   94         SH:  0    Dex: 13    Spells: 4/4 levels left

rFire    . . .     SeeInvis .   a - +0 hand axe
rCold    . . .     Gourm    .   (no shield)
rNeg     . . .     Faith    .   k - +0 chain mail (curse)
rPois    .         Spirit   .   (no helmet)
rElec    .         Reflect  .   (no cloak)
rCorr    .         Harm     .   (no gloves)
MR       .....                  j - +0 pair of boots
Stlth    ..........             (no amulet)
HPRegen  0.15/turn              (no ring)
MPRegen  0.09/turn              (no ring)

@: mighty
A: no striking features
a: no special abilities


You were on level 5 of the Dungeon.
You were very hungry.

You visited 1 branch of the dungeon, and saw 5 of its levels.

You collected 94 gold pieces.

Inventory:

Hand Weapons
 a - a +0 hand axe (weapon)
 f - a +0 dagger of draining
Missiles
 q - 4 atropa-tipped darts (quivered)
 r - 8 poisoned darts
Armour
 b - a +0 robe
 j - a +0 pair of boots (worn)
 k - a cursed +0 chain mail (worn)
 n - a +0 ring mail
Wands
 e - a wand of enslavement (8)
Scrolls
 d - 5 scrolls of teleportation {unknown}
 l - a scroll of enchant armour {unknown}
 m - 2 scrolls of identify {unknown}
 o - a scroll of amnesia {unknown}
 p - 2 scrolls of remove curse {unknown}
Potions
 h - a potion of haste {unknown}
 i - a potion of heal wounds {unknown}
 s - a potion of degeneration {unknown}
Comestibles
 c - 2 rations
 u - a chunk of flesh


   Skills:
 - Level 3.6 Fighting
 + Level 8.5 Axes
 - Level 2.4 Dodging
 - Level 1.5 Stealth


You had 4 spell levels left.
You didn't know any spells.
Your spell library was empty.

Dungeon Overview and Level Annotations

Branches:
Dungeon (4/15)
 Temple: D:4-7

Altars:
Nemelex Xobeh
Qazlal

Annotations:
D:3 1 runed translucent door, MisterT's ghost, amateur GrGl


Message History

The sky beast appears confused.
Okay, then.
You catch the helpless sky beast completely off-guard!
You hit the sky beast.
The sky beast is lightly wounded.
The sky beast seems less confused.
The sky beast hits you but does no damage.
Unknown command.
You barely miss the sky beast.
The sky beast is lightly wounded.
The sky beast hits you but does no damage.
Unknown command.
You closely miss the sky beast.
The sky beast is lightly wounded.
The sky beast flickers out of sight!
Deactivating autopickup; reactivate with Ctrl-A.
Something hits you.
* * * LOW HITPOINT WARNING * * *
Something shocks you.
You die...

## ######## #.
#..)g((###
##.##).####)g##
#...(.##
##..####
#.#...g#
##.....#
####{##
#....#....#
#.@# ##...##
#.## #..#
#.g..# . ##..
#...##
#..##...#
#..#....#
##.....##
#..... #.....
#.....


You could see a gnoll.

Vanquished Creatures
  An ogre (D:5)
  A worker ant (D:5)
  3 adders
  2 gnolls (D:5)
  An ooze (D:1)
  4 dart slugs
  3 leopard geckos
  An orc (D:4)
  8 bats
  A giant cockroach (D:3)
  4 goblins
  2 hobgoblins
  7 jackals
  2 quokkas
  6 frilled lizards
  2 kobolds
  5 rats
53 creatures vanquished.

Notes
Turn   | Place    | Note
-------+----------+-------------------------------------------
     0 | D:1      | brucemayne the Hill Orc Monk began the quest for the Orb.
     0 | D:1      | Reached XP level 1. HP: 19/19 MP: 1/1
    68 | D:1      | Reached XP level 2. HP: 22/26 MP: 2/2
   138 | D:1      | Reached skill level 5 in Axes
   424 | D:1      | Reached XP level 3. HP: 27/31 MP: 3/3
   580 | D:2      | Reached skill level 6 in Axes
   663 | D:2      | Reached XP level 4. HP: 22/39 MP: 4/4
   952 | D:3      | Found a runed translucent door.
   958 | D:3      | Noticed MisterT's ghost (amateur GrGl)
   965 | D:3      | Found a sparkling altar of Nemelex Xobeh.
  1121 | D:3      | Reached skill level 7 in Axes
  1141 | D:3      | Found a stormy altar of Qazlal.
  1161 | D:3      | You fall into a shaft and drop 2 floors!
  1161 | D:5      | Entered Level 5 of the Dungeon
  1162 | D:5      | Noticed a sky beast
  1171 | D:5      | Reached XP level 5. HP: 26/45 MP: 5/5
  1173 | D:5      | Noticed an ogre
  1180 | D:5      | Killed an ogre
  1180 | D:5      | Reached skill level 8 in Axes
  1195 | D:5      | Slain by a sky beast

Levels and vault maps discovered:
D:1:      wander_arrival_abandoned_jail, layout_basic, hangedman_feature_mirror
D:2:      layout_loops_ring
D:3:      layout_basic, lemuel_round_altar, ebering_ghost_sewer_f,
          nemelex_xobeh_ov_fountains_minmay
D:4:      layout_basic, grunt_temple_overflow_open, lemuel_crystal_altar
D:5:      layout_layer_cave, zin_angel, first_ration, lightli_minifort,
          uniq_blork_the_orc, uniq_ijyb

Skill      XL: |  1  2  3  4  5 |
---------------+----------------+-----
Axes           | 5 6 7 8 |  8.5
Fighting       | |  3.6
Dodging        | |  2.4
Stealth        | |  1.5

Action                   |  1- 3 |  4- 6 || total
-------------------------+-------+-------++-------
Melee: Hand axe          |    97 |    67 ||   164
Throw: Dart              |       |    10 ||    10
  Use: Potion            |     1 |     1 ||     2
 Stab: Sleeping          |     2 |       ||     2
       Invisible         |       |     1 ||     1
Armor: Robe              |    27 |     6 ||    33
       Chain mail        |       |    26 ||    26
       Ring mail         |       |     6 ||     6
Dodge: Dodged            |    91 |    46 ||   137
